 Dungeon Crawl Stone Soup version 0.18.1-48-g4cf74bf (webtiles) character file.

225 Gargoyl the Skirmisher (level 5, -2/42 HPs)
             Began as a Demonspawn Abyssal Knight on Aug 4, 2016.
             Was a Believer of Lugonu.
             Slain by an ogre
             ... wielding a +0 giant spiked club
              (10 damage)
             ... on level 4 of the Dungeon.
             The game lasted 00:06:02 (3775 turns).

Gargoyl the Skirmisher (Demonspawn Abyssal Knight)  Turns: 3775, Time: 00:06:03

Health: -2/42      AC: 19    Str: 14    XL:     5   Next: 68%
Magic:  6/6        EV:  9    Int: 13    God:    Lugonu [**....]
Gold:   244        SH:  0    Dex: 16    Spells: 0 memorised, 4 levels left

rFire  + . .     SeeInvis .     a - +2 hand axe
rCold  . . .     Gourm    .     t - +0 plate armour
rNeg   . . .     Faith    .     (no shield)
rPois  .         Spirit   .     (no helmet)
rElec  .         Dismiss  .     u - +0 cloak
rCorr  +         Reflect  .     (no gloves)
SustAt .         Harm     .     e - +1 pair of boots
MR     .....                    l - amulet of rage
Stlth  ..........               (no ring)
                                p - ring of resist corrosion

@: agile, very slightly contaminated, hasted, very quick, not resistant to
hostile enchantments, extremely unstealthy
A: rough black scales 1, demonic guardian 1, fire resistance 1
a: Depart the Abyss, Bend Space, Renounce Religion, Evoke Berserk Rage


You were on level 4 of the Dungeon.
You worshipped Lugonu.
Lugonu was pleased with you.
You were full.

You visited 1 branch of the dungeon, and saw 4 of its levels.
You visited the Abyss 1 time.

You collected 244 gold pieces.

Inventory:

Hand Weapons
 a - a +2 hand axe (weapon)
Armour
 e - a +1 pair of boots (worn)
 t - a +0 plate armour (worn)
 u - a +0 cloak (worn)
Jewellery
 l - an amulet of rage (around neck)
 p - a ring of resist corrosion (left hand)
Scrolls
 f - 2 scrolls of fear
 h - a scroll of enchant weapon
 n - 6 scrolls of identify
 o - 3 scrolls of blinking
Potions
 b - a potion of curing {unknown}
 g - a potion of haste
 i - a potion of agility
 k - a potion of ambrosia {unknown}
Comestibles
 c - 4 bread rations
 d - 2 meat rations
 j - 10 fruits
 q - a royal jelly
 r - 2 slices of pizza


   Skills:
 + Level 4.1 Fighting
 + Level 2.2 Axes
 * Level 4.0 Armour
 + Level 1.8 Dodging
 + Level 0.4 Stealth
 + Level 2.4 Invocations


You had 4 spell levels left.
You didn't know any spells.

Dungeon Overview and Level Annotations

Branches:
Dungeon (4/15)
 Temple: D:4-7

Altars:
Sif Muna
Yredelemnul


Innate Abilities, Weirdness & Mutations

You are partially covered in rough black scales (AC +4, Dex -1).
A weak demonic guardian rushes to your aid.
Your flesh is heat resistant.


Message History

The ogre barely misses your crimson imp.
The ogre hits your crimson imp with a giant spiked club.
Your crimson imp blinks!
You barely miss the ogre.
The ogre hits you with a giant spiked club!!
Ouch! That really hurt!
* * * LOW HITPOINT WARNING * * *
Your crimson imp hits the ogre.
Drink which item? (? for menu, Esc to quit)
You feel agile all of a sudden.
Your crimson imp barely misses the ogre.
Drink which item? (? for menu, Esc to quit)
It was a potion of haste.
You feel yourself speed up.
Your ufetubus hits the ogre but does no damage.
Your ufetubus barely misses the ogre.
The ogre closely misses you.
Your crimson imp hits the ogre.
You are very lightly contaminated with residual magic.
Your ufetubus hits the ogre. x2
The ogre hits you with a giant spiked club!
You die...

#########
#################.......#
#.........(.............+
...#####.......................#
#.............................#
#.............................#
#.............................##
#......####'###########.........
#......#....#..@.#....#.........
#......#....#.O5.'....#.........
#......#....#.5..#....###+####..
#......#<...#....# .... #..
#....'....# ... #..
########....####.# .# ###
#.....##....### .# # ########
##............# .. #.._..##
##............# ... ##..^###


You could see an ogre, a friendly crimson imp and a friendly ufetubus.

Vanquished Creatures
  A scorpion (D:4)
  2 worker ants (D:4)
  5 adders
  2 dart slugs
  2 giant geckos (D:1)
  An orc (D:3)
  A giant cockroach (D:3)
  5 goblins
  8 hobgoblins
  7 jackals
  3 bats
  A giant gecko skeleton (D:4)
  4 giant newts
  5 kobolds
  8 rats
  A spectral orc (D:4)
56 creatures vanquished.

Vanquished Creatures (collateral kills)
  An orc wizard (D:3)
  A giant frog skeleton (D:4)
2 creatures vanquished.

Grand Total: 58 creatures vanquished

Notes
Turn   | Place    | Note
--------------------------------------------------------------
     0 | Abyss:1  | Gargoyl the Demonspawn Abyssal Knight began the quest for the Orb.
     0 | Abyss:1  | Reached XP level 1. HP: 18/18 MP: 2/2
    41 | Abyss:2  | Noticed a water elemental
    59 | Abyss:2  | Noticed a wretched star
    60 | D:1      | Escaped the Abyss
   417 | D:1      | Reached skill level 1 in Dodging
   474 | D:1      | Gained mutation: Your flesh is heat resistant. [demonic ancestry]
   474 | D:1      | Reached XP level 2. HP: 18/24 MP: 3/3
   757 | D:1      | Reached * piety under Lugonu
  1604 | D:2      | Gained mutation: A weak demonic guardian rushes to your aid. [demonic ancestry]
  1604 | D:2      | Reached XP level 3. HP: 28/29 MP: 4/4
  2277 | D:2      | Reached ** piety under Lugonu
  2607 | D:3      | Gained mutation: You are partially covered in rough black scales (AC +4, Dex -1). [demonic ancestry]
  2607 | D:3      | Reached XP level 4. HP: 24/37 MP: 5/5
  2863 | D:3      | Found a faded altar to an unknown god.
  3181 | D:3      | Found a deep blue altar of Sif Muna.
  3505 | D:4      | Found a basalt altar of Yredelemnul.
  3545 | D:4      | Reached XP level 5. HP: 42/42 MP: 6/6
  3760 | D:4      | Noticed an ogre
  3775 | D:4      | Slain by an ogre

Skill      XL: |  1  2  3  4  5 |
---------------+----------------+-----
Dodging        | 1 |  1.8
Armour         | 2 3 4 |  4.0
Axes           | 2 |  2.2
Fighting       | 4 |  4.1
Stealth        | |  0.4
Invocations    | |  2.4

Action                   |  1- 3 |  4- 6 || total
-------------------------+-------+-------++-------
Melee: Hand axe          |   129 |    69 ||   198
Invok: Depart the Abyss  |     1 |       ||     1
  Use: Scroll            |     6 |     3 ||     9
       Potion            |       |     2 ||     2
  Eat: Chunk             |    15 |       ||    15
Armor: Scale mail        |    18 |       ||    18
       Chain mail        |    91 |     6 ||    97
       Plate armour      |       |    61 ||    61
Dodge: Dodged            |    76 |    19 ||    95
